 Dungeon Crawl Stone Soup version 0.18.1-48-g4cf74bf (webtiles) character file.

65 Inkary the Skirmisher (level 4, -3/40 HPs)
             Began as a Hill Orc Abyssal Knight on July 21, 2016.
             Was a Follower of Lugonu.
             Slain by a worker ant (5 damage)
             ... on level 3 of the Dungeon.
             The game lasted 00:03:12 (1514 turns).

Inkary the Skirmisher (Hill Orc Abyssal Knight)     Turns: 1514, Time: 00:03:13

Health: -3/40      AC:  5    Str: 14    XL:     4   Next: 14%
Magic:  6/6        EV: 10    Int: 12    God:    Lugonu [*.....]
Gold:   28         SH:  0    Dex:  7    Spells: 0 memorised, 3 levels left

rFire  . . .     SeeInvis .     a - +1 falchion
rCold  . . .     Gourm    .     n - +0 ring mail
rNeg   . . .     Faith    .     (no shield)
rPois  .         Spirit   .     (no helmet)
rElec  .         Dismiss  .     (no cloak)
rCorr  .         Reflect  .     (no gloves)
SustAt .         Harm     .     (no boots)
MR     .....                    (no amulet)
Stlth  ..........               (no ring)
                                (no ring)

@: lethally poisoned (-3 -> -15), not resistant to hostile enchantments,
extremely unstealthy
A: clumsy 2, MP-powered wands
a: Depart the Abyss, Renounce Religion


You were on level 3 of the Dungeon.
You worshipped Lugonu.
Lugonu was aware of your devotion.
You were not hungry.

You visited 1 branch of the dungeon, and saw 3 of its levels.
You visited the Abyss 1 time.

You collected 28 gold pieces.

Inventory:

Hand Weapons
 a - a +1 falchion (weapon)
Armour
 n - a +0 ring mail (worn)
Jewellery
 t - a cursed ring of loudness {unknown}
Scrolls
 d - 4 scrolls of remove curse {unknown}
 g - 3 scrolls of enchant armour {unknown}
 h - 2 scrolls of noise {unknown}
 j - 3 scrolls of identify {unknown}
 p - a scroll of fear {unknown}
Potions
 b - a potion of resistance {unknown}
 e - 2 potions of curing {unknown}
 i - a potion of mutation {unknown}
 k - a potion of berserk rage {unknown}
 m - 2 potions of might {unknown}
 q - a potion of heal wounds {unknown}
 r - a potion of flight {unknown}
 s - a potion of brilliance {unknown}
Comestibles
 c - a bread ration
 f - a slice of pizza
 l - 2 fruits
 o - 6 chunks of flesh


   Skills:
 + Level 4.2 Fighting
 + Level 2.8 Long Blades
 + Level 2.9 Armour
 - Level 0.7 Dodging
 + Level 3.7 Invocations


You had 3 spell levels left.
You didn't know any spells.

Dungeon Overview and Level Annotations

Branches:
Dungeon (3/15)

Altars:
Qazlal


Innate Abilities, Weirdness & Mutations

[You are very clumsy. (Dex -4)]
[You expend magic power (3 MP) to strengthen your wands.]


Message History

* * * LOW HITPOINT WARNING * * *
Unknown command.
You are too injured to fight recklessly!
You hit the worker ant but do no damage.
The worker ant is moderately wounded.
* * * LOW HITPOINT WARNING * * *
You feel sick.
The worker ant bites you but does no damage.
You barely miss the worker ant.
The worker ant is moderately wounded.
* * * LOW HITPOINT WARNING * * *
You feel sick. The worker ant barely misses you. The worker ant bites you.
* * * LOW HITPOINT WARNING * * *
You hit the worker ant but do no damage.
The worker ant is moderately wounded.
* * * LOW HITPOINT WARNING * * *
You feel sick. The worker ant closely misses you.
* * * LOW HITPOINT WARNING * * *
You feel sick. The worker ant bites you.
You die...

##≈≈≈≈≈≈≈≈≈≈##
#≈≈≈≈≈≈≈≈≈≈≈≈##
≈≈≈≈≈≈≈≈≈≈≈≈≈≈##
≈≈≈≈≈≈≈≈≈≈≈≈≈≈≈#
≈≈≈≈≈≈≈≈≈≈≈≈≈≈≈≈
≈≈≈≈≈≈≈≈≈≈≈≈≈≈≈≈
≈≈≈≈≈8.a8≈≈≈≈≈≈≈
.......@(≈≈≈≈≈≈≈
........[≈≈≈≈≈≈≈
≈≈≈≈≈8..8≈≈≈≈≈≈≈
≈≈≈≈≈≈≈≈≈≈≈≈≈≈≈≈
≈≈≈≈≈≈≈≈≈≈≈≈≈≈≈≈
≈≈≈≈≈≈≈≈≈≈≈≈≈≈≈#
≈≈≈≈≈≈≈≈≈≈≈≈≈≈##
#≈≈≈≈≈≈≈≈≈≈≈≈##
#.#


You could see a worker ant.

Vanquished Creatures
  2 adders (D:2)
  2 oozes (D:1)
  2 worms (D:2)
  3 ball pythons
  2 giant cockroaches (D:1)
  5 goblins
  A hobgoblin (D:2)
  6 kobolds
  5 bats
  5 giant newts
  2 rats (D:1)
35 creatures vanquished.

Notes
Turn   | Place    | Note
--------------------------------------------------------------
     0 | Abyss:1  | Inkary the Hill Orc Abyssal Knight began the quest for the Orb.
     0 | Abyss:1  | Reached XP level 1. HP: 19/19 MP: 2/2
    67 | Abyss:1  | Noticed a quasit
    75 | Abyss:1  | Noticed a wretched star
    76 | D:1      | Escaped the Abyss
   315 | D:1      | Reached * piety under Lugonu
   352 | D:1      | Reached XP level 2. HP: 21/27 MP: 2/4
   544 | D:1      | Reached skill level 4 in Fighting
   544 | D:1      | Reached XP level 3. HP: 33/33 MP: 5/5
  1006 | D:2      | Found a stormy altar of Qazlal.
  1267 | D:2      | Reached XP level 4. HP: 33/40 MP: 6/6
  1514 | D:3      | HP: 2/40 [poisoned by a worker ant]
  1514 | D:3      | Slain by a worker ant

Skill      XL: |  1  2 |
---------------+-------+-----
Invocations    | 3 |  3.7
Fighting       | 4 |  4.2
Long Blades    | |  2.8
Armour         | |  2.9
Dodging        | |  0.7

Action                   |  1- 3 |  4- 6 || total
-------------------------+-------+-------++-------
Melee: Falchion          |   121 |    13 ||   134
Invok: Depart the Abyss  |     1 |       ||     1
  Eat: Chunk             |     1 |     1 ||     2
Armor: Leather armour    |    18 |       ||    18
       Ring mail         |    26 |     4 ||    30
Dodge: Dodged            |    84 |     9 ||    93
